 Dungeon Crawl Stone Soup version 0.29.0-4-gdea44cf6ec (webtiles) character file.

Game seed: 10843033472167650370

60 melkoren the Vexing (level 3, 0/19 HPs)
             Began as a Vampire Enchanter on Aug 28, 2022.
             Slain by an ogre
             ... wielding a +0 giant spiked club
              (19 damage)
             ... on level 4 of the Dungeon.
             The game lasted 00:06:18 (2632 turns).

melkoren the Vexing (Vampire Enchanter)             Turns: 2632, Time: 00:06:19

Health: 0/19       AC:  4    Str:  7    XL:     3   Next: 80%
Magic:  6/6        EV: 13    Int: 17    God:
Gold:   120        SH:  0    Dex: 16    Spells: 1/6 levels left

rFire   . . .      SeeInvis +   a - +2 dagger
rCold   + + .      Faith    .   (no shield)
rNeg    + + +      Spirit   .   b - +0 robe
rPois   ∞          Reflect  .   (no helmet)
rElec   .          Harm     .   f - +0 cloak
rCorr   .          Rampage  .   j - +0 pair of gloves
Will    .....                   (no boots)
Stlth   +++++.....              (no amulet)
HPRegen 0.00/turn               (no ring)
MPRegen 0.10/turn               (no ring)

@: bloodless, inhibited regen, studying Axes
A: bloodless, fangs 3, see invisible, vampiric 2
a: Bat Form, Revivify


You were on level 4 of the Dungeon.
You visited 1 branch of the dungeon, and saw 4 of its levels.

You collected 120 gold pieces.

Inventory:

Hand Weapons
 a - a +2 dagger (weapon)
Missiles
 k - 3 poisoned darts (quivered)
Armour
 b - a +0 robe (worn)
 f - a +0 cloak (worn)
 j - a +0 pair of gloves (worn)
Scrolls
 g - 2 scrolls of teleportation {unknown}
 i - a scroll of poison {unknown}
Potions
 c - a potion of invisibility
 d - a potion of haste {unknown}
 e - a potion of curing {unknown}
 h - a potion of degeneration {unknown}


   Skills:
 * Level 2.4 Short Blades
 - Level 2.6 Dodging
 + Level 4.9 Stealth
 + Level 2.3 Spellcasting
 * Level 5.2 Hexes


You had one spell level left.
You knew the following spells:

 Your Spells              Type           Power      Damage    Failure   Level
a - Ensorcelled Hibernat  Hex/Ice        20%        N/A       10%         2
b - Confusing Touch       Hex            19%        N/A       7%          3

Your spell library contained the following spells:

 Spells                   Type           Power      Damage    Failure   Level
 Tukima's Dance           Hex            19%        N/A       7%          3
 Dazzling Flash           Conj/Hex       20%        N/A       19%         3
 Conjure Flame            Conj/Fire      1%         6-21      50%         3
 Ignite Poison            Fire/Tmut/Pois 1%         N/A       50%         3
 Mephitic Cloud           Conj/Pois/Air  1%         N/A       50%         3
 Sticky Flame             Conj/Fire      1%         2d3       88%         4
 Freezing Cloud           Conj/Ice/Air   0%         6-21      99%         5
 Dispersal                Tloc           0%         N/A       100%        6
 Disjunction              Tloc           0%         N/A       100%        8


Dungeon Overview and Level Annotations

Branches:
Dungeon (4/15)
 Temple: D:4-7

Altars:
Kikubaaqudgha

Shops:
D:1 ?


Innate Abilities, Weirdness & Mutations

You do not regenerate when monsters are visible.
You are frail without blood (-20% HP).
You can heal yourself when you bite living creatures.
You are immune to poison.
You have razor-sharp teeth.
You have supernaturally acute eyesight. (SInv)
You are afflicted with vampirism and can become a bat while bloodless.


Message History

You climb downwards.
There is a stone staircase leading up here.
There is a stone staircase leading down here.
You climb downwards.
There is a stone staircase leading up here.
There is a stone staircase leading down here.
You climb downwards.
Found a robe.
There is a stone staircase leading up here.
There is a stone staircase leading up here.
Found an escape hatch in the floor.
There is an escape hatch in the floor here.
You now have 120 gold pieces (gained 16).
An ogre comes into view. It is wielding a +0 giant spiked club.
Found 3 boomerangs.
Throw: 5 darts (poison)
Press: ? - help, Q - select action, (/) - cycle Shift-Dir - straight line, f - ogre
Aim: an ogre, wielding a +0 giant spiked club (wandering, hasn't noticed you, 74% to hit)
Your line of fire to the ogre is blocked by a withered plant.
Found a scimitar.
Throw: 5 darts (poison)
Press: ? - help, Q - select action, (/) - cycle Shift-Dir - straight line, f/p - ogre
Aim: an ogre, wielding a +0 giant spiked club (wandering, hasn't noticed you, 74% to hit)
Okay, then.
Found an ancient bone altar of Kikubaaqudgha.
Throw: 5 darts (poison)
Press: ? - help, Q - select action, (/) - cycle Shift-Dir - straight line, f/p - ogre
Aim: an ogre, wielding a +0 giant spiked club (wandering, hasn't noticed you, 74% to hit)
You throw a poisoned dart. The poisoned dart hits the ogre.
The ogre is poisoned.
The ogre shouts!
Throw: 4 darts (poison)
Press: ? - help, Q - select action, (/) - cycle Shift-Dir - straight line, f/p - ogre
Aim: an ogre, wielding a +0 giant spiked club (lightly wounded, poisoned, 74% to hit)
You throw a poisoned dart.
The poisoned dart barely misses the ogre.
The poisoned dart hits the withered plant.
The ogre hits you with a +0 giant spiked club!!
Ouch! That really hurt!
You die...

#..#....## #
##..#...#.###
####...#...##.#.
###......#...###>#
#............# #..
#.#########.## ###
#.# ... #.# #
#.##.._.. #.# #
#@P..)... ..# #
#.O(.....


PP# ##...###..P## ....# P. ...(....P ....P.P ###P... .##. You could see an ogre
(poisoned).

Vanquished Creatures
  2 adders
  2 giant cockroaches
  3 goblins
  3 hobgoblins (D:1)
  9 jackals
  4 kobolds
  5 quokkas
  3 ball pythons
  2 bats
  2 frilled lizards (D:3)
  A rat (D:3)
36 creatures vanquished.

Notes
Turn   | Place    | Note
-------+----------+-------------------------------------------
     0 | D:1      | melkoren the Vampire Enchanter began the quest for the Orb.
     0 | D:1      | Reached XP level 1. HP: 13/13 MP: 3/3
    54 | D:1      | Found Femuk's Magic Scroll Shoppe.
   504 | D:1      | Reached XP level 2. HP: 15/15 MP: 5/5
   600 | D:1      | Learned a level 2 spell: Ensorcelled Hibernation
  1035 | D:2      | Reached skill level 5 in Hexes
  1035 | D:2      | Gained mutation: You are afflicted with vampirism and can
                  | become a bat while bloodless. [Vampire growth]
  1035 | D:2      | Reached XP level 3. HP: 19/19 MP: 6/6
  1595 | D:3      | Learned a level 3 spell: Confusing Touch
  2628 | D:4      | Noticed an ogre
  2630 | D:4      | Found an ancient bone altar of Kikubaaqudgha.
  2632 | D:4      | Slain by an ogre

Illustrated notes

Levels and vault maps discovered:
D:1:      zelgadis_glass_arrival_small, layout_loops_corners, serial_shops,
          nicolae_square_shop, minivault_27, minivault_25, minmay_pentomino_p2
D:2:      layout_rooms, shapermc_ecumenical_altar_totnotflames,
          serial_bayou_lagoon_a, minmay_worlds_worst_comb
D:3:      layout_loops_corners, fountainhead
D:4:      layout_loops_corners, kiku_gazebo_garden_becter,
          gammafunk_temple_overflow_forgotten,
          minmay_temple_entry_statues_pillars, hex_large, uniq_pargi

Skill      XL: |  1  2 |
---------------+-------+-----
Short Blades   | 2 |  2.4
Hexes          | 5 |  5.2
Dodging        | |  2.6
Stealth        | |  4.9
Spellcasting   | |  2.3

Action                   || total
-------------------------++-------
Melee: Dagger            ||    51
       Bite              ||     2
Throw: Dart              ||     2
 Cast: Ensorcelled Hiber ||    12
 Abil: Exsanguinate      ||     1
  Use: Scroll            ||     3
       Potion            ||     2
 Stab: Sleeping          ||    29
Armor: Robe              ||    10
Dodge: Dodged            ||    41
